 Dungeon Crawl Stone Soup version 0.24-a0-493-g7e4ddcd485 (webtiles) character file.

Game seed: 15893490270305227123

72 Gynju the Conjurer (level 4, 0/33 HPs)
             Began as a Draconian Conjurer on July 12, 2019.
             Succumbed to an adder's poison
             ... on level 2 of the Dungeon.
             The game lasted 00:02:55 (2365 turns).

Gynju the Conjurer (Draconian Conjurer)             Turns: 2365, Time: 00:02:56

Health: 0/33       AC:  6    Str: 10    XL:     4   Next: 6%
Magic:  2/8        EV: 12    Int: 17    God:
Gold:   43         SH:  0    Dex: 11    Spells: 8/9 levels left

rFire    . . .     SeeInvis .   i - +0 whip (venom)
rCold    . . .     Gourm    .   (no shield)
rNeg     . . .     Faith    .   (armour unavailable)
rPois    .         Spirit   .   (helmet restricted)
rElec    .         Reflect  .   (no cloak)
rCorr    .         Harm     .   (no gloves)
MR       .....                  f - +0 pair of boots
Stlth    ++........             (no amulet)
HPRegen  0.11/turn              (no ring)
MPRegen  0.11/turn              (no ring)

@: lethally poisoned (0 -> -13)
A: unfitting armour, cold-blooded, AC +5
a: no special abilities


You were on level 2 of the Dungeon.
You were not hungry.

You visited 1 branch of the dungeon, and saw 2 of its levels.

You collected 43 gold pieces.

Inventory:

Hand Weapons
 i - a +0 whip of venom (weapon)
Armour
 f - a +0 pair of boots (worn)
Jewellery
 g - an uncursed ring of magical power {unknown}
Scrolls
 e - a scroll of identify {unknown}
 k - a scroll of amnesia {unknown}
 m - a scroll of teleportation {unknown}
Potions
 a - a potion of invisibility {unknown}
 c - 2 potions of agility {unknown}
 d - a potion of heal wounds {unknown}
 h - 3 potions of flight {unknown}
 l - a potion of brilliance {unknown}
Comestibles
 b - 2 rations
 j - a chunk of flesh


   Skills:
 - Level 1.7 Dodging
 - Level 1.7 Stealth
 + Level 3.2 Spellcasting
 + Level 4.9 Conjurations


You had 8 spell levels left.
You knew the following spells:

 Your Spells              Type           Power        Failure   Level  Hunger
a - Magic Dart            Conj           ###.         2%          1    None

Your spell library contained the following spells:

 Spells                   Type           Power        Failure   Level  Hunger
 Searing Ray              Conj           ###...       3%          2    ##.....
 Dazzling Spray           Conj/Hex       ##....       19%         3    ###....
 Iskenderun's Mystic Bla  Conj           ###.....     22%         4    ####...
 Force Lance              Conj/Tloc      ##......     52%         4    ####...
 Fulminant Prism          Conj/Hex       ##........   52%         4    ####...


Dungeon Overview and Level Annotations

Branches:
Dungeon (2/15)

Altars:
Trog


Innate Abilities, Weirdness & Mutations

Your plain brown scales are hard. (AC +5)
You cannot fit into any form of body armour.
You are cold-blooded and may be slowed by cold attacks.


Message History

You miss the adder. You tail-slap the adder.
You kill the adder!
You have reached level 4!
You feel clever.
* * * LOW HITPOINT WARNING * * *
You feel sick. The adder bites you but does no damage.
You miss the adder.
* * * LOW HITPOINT WARNING * * *
You feel sick. The adder barely misses you.
You barely miss the adder.
* * * LOW HITPOINT WARNING * * *
You feel sick. The adder closely misses you. The adder bites you.
* * * LOW HITPOINT WARNING * * *
You are more poisoned.
The adder poisons you!
You barely miss the adder.
* * * LOW HITPOINT WARNING * * *
You feel sick. The adder closely misses you.
You barely miss the adder.
You die...

#..........###'## #.#
#..........# #.# #.#
#..........# #.# #..
#..........###'######
#######...........###
######...........'..
#................###
#.##.....############
#†.'..@..+ ####...S.#
#.....# #.!...#
#.....# #......
........ .........#


You could see an adder.

Vanquished Creatures
  3 adders (D:2)
  A worm (D:2)
  A dart slug (D:1)
  3 ball pythons
  6 bats
  A giant cockroach (D:1)
  A goblin (D:2)
  5 hobgoblins
  4 jackals (D:2)
  2 frilled lizards (D:2)
  7 kobolds
  6 rats
40 creatures vanquished.

Notes
Turn   | Place    | Note
-------+----------+-------------------------------------------
     0 | D:1      | Gynju the Draconian Conjurer began the quest for the Orb.
     0 | D:1      | Reached XP level 1. HP: 14/14 MP: 3/3
   631 | D:1      | Reached XP level 2. HP: 20/20 MP: 0/5
  1379 | D:2      | Noticed a moth of wrath
  1381 | D:2      | Found a bloodstained altar of Trog.
  1416 | D:2      | Reached XP level 3. HP: 26/26 MP: 1/7
  2361 | D:2      | Reached XP level 4. HP: 9/33 MP: 1/8
  2364 | D:2      | HP: 1/33 [poisoned by an adder]
  2365 | D:2      | Succumbed to an adder's poison

Levels and vault maps discovered:
D:1:      lightli_arrival_maybe_door_vault, layout_loops_corners,
          hangedman_decor_opposing
D:2:      layout_basic, minmay_misc_feat_alley, tgw_trog

Skill      XL: |  1  2  3 |
---------------+----------+-----
Spellcasting   | 3 |  3.2
Dodging        | |  1.7
Stealth        | |  1.7
Conjurations   | |  4.9

Action                   |  1- 3 |  4- 6 || total
-------------------------+-------+-------++-------
Melee: Unarmed           |     6 |       ||     6
       Mace              |    18 |       ||    18
       Tailslap          |     5 |       ||     5
       Whip              |    24 |     4 ||    28
 Cast: Magic Dart        |    84 |       ||    84
  Eat: Chunk             |     5 |       ||     5
Armor: Skin              |    21 |     1 ||    22
Dodge: Dodged            |    59 |     3 ||    62

Table legend:
 A = Non-vault XP
 B = Vault XP
 C = Vault XP percentage of total XP
 D = Non-vault monster count
 E = Vault monster count
 F = Vault count percentage of total count
                 A         B        C        D         E       F
            +---------+---------+-------+---------+---------+-------
      Total |      94 |       9 |   8.7 |      35 |       5 |  12.5
            +---------+---------+-------+---------+---------+-------
        D:1 |      24 |       0 |   0.0 |      13 |       0 |   0.0
        D:2 |      70 |       9 |  11.4 |      22 |       5 |  18.5
            +---------+---------+-------+---------+---------+-------
